 Dungeon Crawl Stone Soup version 0.30-a0-457-g4b7bca3bfa (webtiles) character file.

Game seed: 11958491433065771088

14 McMuffin the Grasshopper (level 2, -6/19 HPs)
             Began as a Demonspawn Wanderer on Dec 12, 2022.
             Killed from afar by a white imp (9 damage)
             ... with a puff of frost
             ... summoned by Natasha
             ... on level 2 of the Dungeon.
             The game lasted 00:02:33 (766 turns).

McMuffin the Grasshopper (Demonspawn Wanderer)       Turns: 766, Time: 00:02:33

Health: -6/19      AC:  4    Str: 14    XL:     2   Next: 31%
Magic:  5/5        EV: 11    Int: 12    God:
Gold:   47         SH:  0    Dex: 11    Spells: 4/5 levels left

rFire   . . .      SeeInvis +    a - +0 falchion
rCold   . . .      Faith    .    (no shield)
rNeg    . . .      Spirit   .    e - +0 leather armour
rPois   .          Reflect  .    (no helmet)
rElec   .          Harm     .    h - +0 cloak
rCorr   .          Rampage  .    (no gloves)
Will    .....                    (no boots)
Stlth   +.........               (no amulet)
HPRegen 0.23/turn                f - ring of see invisible
MPRegen 0.09/turn                (no ring)

@: no status effects
A: powered by pain 1
a: no special abilities


You were on level 2 of the Dungeon.
You visited 1 branch of the dungeon, and saw 2 of its levels.

You collected 47 gold pieces.

Inventory:

Hand Weapons
 a - a +0 falchion (weapon)
 c - a +0 dagger
Missiles
 b - 7 poisoned darts
Armour
 e - a +0 leather armour (worn)
 h - a +0 cloak (worn)
Jewellery
 f - a ring of see invisible (left hand)
Scrolls
 d - a scroll of fog
 g - a scroll of vulnerability {unknown}
 j - 3 scrolls of summoning {unknown}
 o - a scroll of blinking {unknown}
 p - a scroll of poison {unknown}
Potions
 i - a potion of flight {unknown}
 k - a potion of haste {unknown}
 l - a potion of attraction {unknown}
 m - 2 potions of heal wounds {unknown}
 n - a potion of might {unknown}


   Skills:
 + Level 1.0 Long Blades
 + Level 1.8 Throwing
 + Level 2.0 Spellcasting
 + Level 4.1 Translocations
 + Level 1.0 Evocations


You had 4 spell levels left.
You knew the following spells:

 Your Spells              Type           Power      Damage    Failure   Level
a - Apportation           Tloc           22%        N/A       6%          1

Your spell library contained the following spells:

 Spells                   Type           Power      Damage    Failure   Level
 Gell's Gravitas          Tloc           11%        N/A       19%         3
 Lesser Beckoning         Tloc           22%        N/A       19%         3


Dungeon Overview and Level Annotations

Branches:
Dungeon (2/15)

Altars:
Wu Jian

Annotations:
D:2 Natasha


Innate Abilities, Weirdness & Mutations

You sometimes gain a little power by taking damage.


Message History

Press: ? - help, Q - select action, (/) - cycle Dir - move target Apport: 12 gold pieces Yoink!
You pull the items towards yourself.
The endoplasm quivers.
You now have 47 gold pieces (gained 12).
There are no items here.
You hit the endoplasm.
The endoplasm is lightly wounded.
The endoplasm closely misses you.
You hit the endoplasm. You punch the endoplasm.
You kill the endoplasm!
Your magical contamination has completely faded away.
No target in view!
Magic restored.
Natasha and a ball python come into view.
Found a scroll labelled FOLARO XIT PAN.
Natasha hisses angrily.
The ball python hisses angrily.
Natasha casts a spell.
The white imp gestures at you. The puff of frost hits you.
The white imp grins evilly.
Natasha casts a spell at you. The magic dart hits you.
Natasha mumbles some strange words.
Found a faded altar of an unknown god.
Found a stone staircase leading up.
The white imp shouts, "Turn tail, thou plume-plucked knotty-pated clam!"
The white imp gestures at you. The puff of frost hits you!
* * * LOW HITPOINT WARNING * * *
Found an ornate altar of the Wu Jian Council.
Natasha casts a spell.
An endoplasm comes into view.
Found a hand axe.
The endoplasm quivers.
The endoplasm moves out of view.
A rat comes into view.
Found a stone staircase leading up.
Natasha mumbles some strange words.
The white imp gestures at you. The puff of frost hits you!
You die...

......####.......#
#.....S.........#
#.##.#h#######..#
#...#.....#.##
#...#._.<.# #
......#.#l....#.#
.######S#######.###..
#..h5..........
##.#.##@.###..
#...5.......<.
#####..J...)r.
#.._...... #......###
#......# ##..##.#
#..# .#


You could see Natasha, a crimson imp (summoned), a white imp (summoned), an
endoplasm, a ball python and a rat.

Vanquished Creatures
  3 endoplasms
  2 goblins (D:1)
  A hobgoblin (D:1)
  2 quokkas (D:1)
  2 bats (D:1)
  A kobold (D:1)
  A rat (D:1)
12 creatures vanquished.

Notes
Turn   | Place    | Note
-------+----------+-------------------------------------------
     0 | D:1      | McMuffin the Demonspawn Wanderer began the quest for the
                  | Orb.
     0 | D:1      | McMuffin set off with the following items: a +0 falchion, 7
                  | poisoned darts, a +0 dagger, a scroll of fog, a +0 leather
                  | armour; and the following spell memorised: Apportation; and
                  | the following spells available to memorise: Gell's
                  | Gravitas, Lesser Beckoning.
     0 | D:1      | Reached XP level 1. HP: 13/13 MP: 3/3
   247 | D:1      | Reached skill level 4 in Translocations
   280 | D:1      | Gained mutation: You sometimes gain a little power by
                  | taking damage. [demonic ancestry]
   280 | D:1      | Reached XP level 2. HP: 19/19 MP: 5/5
   747 | D:2      | Noticed Natasha
   755 | D:2      | Found a faded altar of an unknown god.
   759 | D:2      | Found an ornate altar of the Wu Jian Council.
   766 | D:2      | Killed from afar by a white imp

Illustrated notes

Levels and vault maps discovered:
D:1:      dpeg_arrival_pond, layout_rooms, grunt_decor_mini_mirrors,
          serial_bayou_lake_a
D:2:      layout_loops_cross, serial_shops, shop, nicolae_shop_statue_plus,
          nicolae_shop_stone, nicolae_ecumenical_oubliette, basic_altar,
          uniq_natasha

Skill      XL: |  1 |
---------------+----+-----
Translocations | 4 |  4.1
Long Blades    | |  1.0
Throwing       | |  1.8
Spellcasting   | |  2.0
Evocations     | |  1.0

Action                   || total
-------------------------++-------
Melee: Falchion          ||    41
       Punch             ||     1
 Cast: Apportation       ||     7
Armor: Leather armour    ||    24
Dodge: Dodged            ||    26

Table legend: (Time is in decaauts)
 A = Elapsed time spent in this place.
 B = Non-inter-level travel time spent in this place.
 C = Inter-level travel time spent in this place.
 D = Time resting spent in this place.
 E = Time spent auto-exploring this place.
 F = Levels seen in this place.
 G = Mean time per level.
                   A        B        C        D        E       F      G
               +--------+--------+--------+--------+--------+-----+--------+
         Total |    804 |    795 |      9 |      0 |    594 |   2 |  402.0 |
       Dungeon |    804 |    795 |      9 |      0 |    594 |   2 |  402.0 |
               +--------+--------+--------+--------+--------+-----+--------+

Top non-repeatable levels by time:
     D:1: 757 daAuts
     D:2: 46 daAuts
